 Dungeon Crawl Stone Soup version 0.22-a0-362-g535178c (webtiles) character file.

1789 RoseArtemis the Cleaver (level 8, 0/73 HPs)
             Began as a Minotaur Fighter on Apr 21, 2018.
             Was a Priest of Okawaru.
             Killed by nerve-wracking pain
             ... invoked by Grinder
              (7 damage)
             ... on level 6 of the Dungeon.
             The game lasted 00:30:33 (5776 turns).

RoseArtemis the Cleaver (Minotaur Fighter)          Turns: 5776, Time: 00:30:34

Health: 0/73       AC:  9    Str: 22    XL:     8   Next: 82%
Magic:  6/7        EV:  8    Int:  6    God:    Okawaru [***...]
Gold:   344        SH: 11    Dex: 10    Spells: 7/7 levels left

rFire    . . .     SeeInvis .   a - +0 war axe
rCold    . . .     Gourm    .   c - +1 shield
rNeg     . . .     Faith    .   b - +0 scale mail
rPois    .         Spirit   .   (helmet restricted)
rElec    .         Reflect  .   (no cloak)
rCorr    .         Harm     .   v - +0 pair of gloves
MR       .....                  (no boots)
Stlth    ..........             (no amulet)
HPRegen  0.22/turn              (no ring)
MPRegen  0.10/turn              (no ring)

@: no status effects
A: retaliatory headbutt, horns 2
a: Heroism, Renounce Religion


You were on level 6 of the Dungeon.
You worshipped Okawaru.
Okawaru was most pleased with you.
You were not hungry.

You visited 2 branches of the dungeon, and saw 7 of its levels.

You collected 344 gold pieces.

Inventory:

Hand Weapons
 a - a +0 war axe (weapon)
Armour
 b - a +0 scale mail (worn)
 c - a +1 shield (worn)
 v - a +0 pair of gloves (worn)
Jewellery
 e - a +4 ring of intelligence
 r - an uncursed amulet of rage {unknown}
Wands
 l - a wand of acid (13)
 s - a wand of random effects (26)
 u - a wand of polymorph (4)
Scrolls
 j - a scroll of fear {unknown}
 k - 4 scrolls of enchant armour
 m - 3 scrolls of remove curse
 n - 3 scrolls of teleportation
 q - a scroll of identify
Potions
 d - a potion of mutation {unknown}
 g - 4 potions of brilliance {unknown}
 h - 3 potions of curing {unknown}
 i - 3 potions of haste
 o - 2 potions of heal wounds
 p - a potion of magic {unknown}
Comestibles
 f - 10 rations
 t - 5 chunks of flesh


   Skills:
 + Level 7.0 Fighting
 * Level 9.0 Axes
 + Level 7.1 Armour
 + Level 7.1 Shields


You had 7 spell levels left.
You didn't know any spells.

Dungeon Overview and Level Annotations

Branches:
Dungeon (6/15)             Temple (1/1) D:4

Altars:
Cheibriados
Fedhas
Gozag
Hepliaklqana
Kikubaaqudgha
Nemelex Xobeh
Okawaru
Ru
Sif Muna
Trog
Uskayaw
Vehumet
Wu Jian
Xom
Yredelemnul
Zin
The Shining One

Annotations:
D:6 Grinder


Innate Abilities, Weirdness & Mutations

You reflexively headbutt those who attack you in melee.
You have a pair of horns on your head.


Message History

Pain shoots through your body!
* * * LOW HITPOINT WARNING * * *
Items here: ( ))) [ †† Butcher an orc corpse? [(y)es/(n)o/(a)ll/(q)uit/?]
Butcher an orc corpse? [(y)es/(n)o/(a)ll/(q)uit/?]
You butcher the orc corpse.
You feel like a meek peon again.
Items here: % ( ))) [ †
Items here: % ( ))) [ † You hit Grinder.
Grinder is lightly wounded.
Grinder hits you!
* * * LOW HITPOINT WARNING * * *
You writhe in agony.
* * * LOW HITPOINT WARNING * * *
You closely miss Grinder.
Grinder is lightly wounded.
Grinder gestures at you. Pain shoots through your body!
You die...

#.# ..##..
#####.# .## ..
#.....##
#.#...(#
#.#.##.#
#.#.##.#
#.#.##.#
####+#<##.#
#.......#@#
#.....†.5.#
#.....(.###
#.....(.#
#.......#
#.........
#...........
#.............
#######.......


You could see Grinder.

Vanquished Creatures
  Pikel (D:5)
  Prince Ribbit (D:6)
  Menkaure (D:5)
  Edmund (D:6)
  Duvessa (D:5)
  2 ice beasts
  A sky beast (D:5)
  An orc warrior (D:6)
  A slave (D:5)
  Dowan (D:5)
  A howler monkey (D:6)
  A crimson imp (D:6)
  2 hounds
  A jelly (D:5)
  A bullfrog skeleton (D:6)
  A centaur skeleton (D:4)
  A worker ant (D:6)
  3 gnolls (D:2)
  6 adders
  2 adder skeletons (D:4)
  4 worms
  3 dart slugs
  5 leopard geckos
  13 orcs
  7 giant cockroaches
  9 goblins
  12 hobgoblins
  8 jackals (D:4)
  5 kobolds
  5 quokkas
  8 bats
  5 frilled lizards
  8 rats
122 creatures vanquished.

Vanquished Creatures (others)
  A slave (D:5)
  An ogre (D:5)
  Ijyb (D:5)
3 creatures vanquished.

Grand Total: 125 creatures vanquished

Notes
Turn   | Place    | Note
-------+----------+-------------------------------------------
     0 | D:1      | RoseArtemis the Minotaur Fighter began the quest for the Orb.
     0 | D:1      | Reached XP level 1. HP: 19/19 MP: 0/0
   191 | D:1      | Reached XP level 2. HP: 27/27 MP: 1/1
   481 | D:2      | Reached skill level 3 in Axes
   601 | D:2      | Reached XP level 3. HP: 31/33 MP: 2/2
   709 | D:2      | Found a basalt altar of Yredelemnul.
  1103 | D:2      | Reached XP level 4. HP: 39/40 MP: 3/3
  1108 | D:2      | Reached skill level 4 in Axes
  1438 | D:3      | Found a shimmering altar of Xom.
  1847 | D:3      | Reached XP level 5. HP: 47/47 MP: 4/4
  2239 | D:4      | Found an ornate altar of the Wu Jian Council.
  2265 | D:4      | Found a staircase to the Ecumenical Temple.
  2293 | Temple   | Entered the Ecumenical Temple
  2313 | Temple   | Became a worshipper of Warmaster Okawaru
  2908 | D:4      | Found an opulent altar of Gozag.
  3325 | D:5      | Entered Level 5 of the Dungeon
  3330 | D:5      | Noticed an ice beast
  3476 | D:5      | Reached skill level 5 in Axes
  3490 | D:5      | Noticed Menkaure
  3673 | D:5      | Noticed an ogre
  3983 | D:5      | Killed Menkaure
  3983 | D:5      | Reached skill level 5 in Fighting
  3983 | D:5      | Reached skill level 5 in Armour
  3983 | D:5      | Reached skill level 5 in Shields
  3983 | D:5      | Reached XP level 6. HP: 18/56 MP: 5/5
  4208 | D:5      | Noticed a slave
  4209 | D:5      | Noticed Pikel
  4211 | D:5      | Noticed a slave
  4212 | D:5      | Noticed a slave
  4231 | D:5      | Noticed a slave
  4238 | D:5      | Killed a slave
  4241 | D:5      | Killed Pikel
  4241 | D:5      | Reached * piety under Okawaru
  4241 | D:5      | Reached ** piety under Okawaru
  4241 | D:5      | Reached skill level 6 in Axes
  4241 | D:5      | Reached XP level 7. HP: 39/62 MP: 6/6
  4357 | D:5      | Noticed Duvessa
  4359 | D:5      | Noticed Dowan
  4362 | D:5      | Killed Duvessa
  4362 | D:5      | Reached skill level 7 in Axes
  4374 | D:5      | Killed Dowan
  4586 | D:5      | Killed Ijyb
  4677 | D:5      | Reached XP level 8. HP: 57/70 MP: 4/7
  4754 | D:5      | Found a hazy altar of Hepliaklqana.
  5505 | D:6      | Found an ancient bone altar of Kikubaaqudgha.
  5597 | D:6      | Noticed Edmund
  5624 | D:6      | Killed Edmund
  5624 | D:6      | Reached skill level 8 in Axes
  5740 | D:6      | Noticed Prince Ribbit
  5748 | D:6      | Noticed Grinder
  5767 | D:6      | Killed Prince Ribbit
  5767 | D:6      | Reached *** piety under Okawaru
  5767 | D:6      | Reached skill level 9 in Axes
  5776 | D:6      | Killed from afar by Grinder

Vault maps used:
D:1:      dpeg_arrival_tiny_j
D:2:      nicolae_overflow_crystal_walls, first_ration, guppyfry_early_orc_mine
D:3:      old_standard_altar, grunt_ministairs_8
D:4:      kennysheep_little_box, kennysheep_mini_moat, minivault_26,
          kennysheep_generic_room_13
D:5:      overflow_temple_1_default, supply_closet_lemuel, uniq_menkaure,
          uniq_pikel, uniq_ijyb, uniq_duvessa
D:6:      kiku_gazebo_pond_becter, uniq_prince_ribbit1, uniq_edmund,
          uniq_grinder
Temple:   minmay_freezing_vapour_temple

Skill      XL: |  1  2  3  4  5  6  7  8 |
---------------+-------------------------+-----
Axes           | 3 4 5 6 7 9 |  9.0
Fighting       | 4 5 6 7 |  7.0
Shields        | 4 5 6 7 |  7.1
Armour         | 4 5 6 7 |  7.1

Action                   |  1- 3 |  4- 6 |  7- 9 || total
-------------------------+-------+-------+-------++-------
Melee: War axe           |    93 |   161 |    84 ||   338
       Headbutt          |    13 |    20 |    17 ||    50
       Unarmed           |       |       |    13 ||    13
Invok: Heroism           |       |       |     2 ||     2
  Use: Scroll            |     3 |     6 |       ||     9
       Potion            |     2 |     1 |       ||     3
  Eat: Chunk             |     1 |     5 |     3 ||     9
       Ration            |       |     1 |     1 ||     2
Armor: Scale mail        |    36 |    63 |    21 ||   120
       Skin              |       |       |     2 ||     2
Dodge: Dodged            |    14 |    46 |    18 ||    78
Block: Shield            |    49 |    97 |    46 ||   192

Table legend:
 A = Spawn XP
 B = Non-spawn XP
 C = Spawn XP percentage of total XP
 D = Spawn monster count
 E = Non-spawn monster count
 F = Spawn count percentage of total count
 G = Total turns spent on level
                    A         B        C        D         E        F      G
               +---------+---------+-------+---------+---------+-------+---------
         Total |       0 |    2557 |   0.0 |       0 |     121 |   0.0 |  5776
               +---------+---------+-------+---------+---------+-------+---------
           D:1 |       0 |      18 |   0.0 |       0 |      10 |   0.0 |   472
           D:2 |       0 |     112 |   0.0 |       0 |      35 |   0.0 |   839
           D:3 |       0 |      74 |   0.0 |       0 |      20 |   0.0 |   690
           D:4 |       0 |     117 |   0.0 |       0 |      27 |   0.0 |  1431
           D:5 |       0 |    1278 |   0.0 |       0 |      13 |   0.0 |  1993
           D:6 |       0 |     958 |   0.0 |       0 |      16 |   0.0 |   325
               +---------+---------+-------+---------+---------+-------+---------
